 Dungeon Crawl Stone Soup version 0.28.0-53-g5a82cb258f (webtiles) character file.

Game seed: 15217191945404227342

968 cbfl8 the Chopper (level 7, 0/61 HPs)
             Began as a Minotaur Berserker on July 14, 2022.
             Was a Priest of Trog.
             Slain by an ice beast (13 damage)
             ... on level 6 of the Dungeon.
             The game lasted 00:07:24 (6543 turns).

cbfl8 the Chopper (Minotaur Berserker)              Turns: 6543, Time: 00:07:25

Health: 0/61       AC: 14    Str: 22    XL:     7   Next: 93%
Magic:  6/6        EV:  7    Int:  4    God:    Trog [***...]
Gold:   249        SH:  0    Dex: 11    Spells: 6/6 levels left

rFire   . . .      SeeInvis .   x - +0 battleaxe
rCold   . . .      Faith    .   (shield currently unavailable)
rNeg    . . .      Spirit   .   y - +0 plate armour
rPois   .          Reflect  .   (helmet restricted)
rElec   .          Harm     .   o - +0 cloak
rCorr   .          Rampage  .   d - +0 pair of gloves
Will    +++..                   (no boots)
Stlth   ..........              (no amulet)
HPRegen 1.20/turn               c - ring of willpower
MPRegen 0.10/turn               (no ring)

@: strong-willed, on berserk cooldown, regenerating, slowed, very slow
A: horns 2, retaliatory headbutt
a: Renounce Religion, Berserk, Trog's Hand


You were on level 6 of the Dungeon.
You worshipped Trog.
Trog was most pleased with you.
You visited 2 branches of the dungeon, and saw 7 of its levels.

You collected 249 gold pieces.

Inventory:

Hand Weapons
 a - a +0 hand axe
 k - a +1 vampiric falchion
 x - a +0 battleaxe (weapon)
Missiles
 w - a throwing net (quivered)
Armour
 b - a +0 animal skin
 d - a +0 pair of gloves (worn)
 i - a +0 buckler
 l - the +1 robe "Siasud" {rCorr}
   (You found it on level 2 of the Dungeon)

   rCorr:     It protects you from acid and corrosion.
 o - a +0 cloak (worn)
 q - a +1 ring mail of positive energy
 y - a +0 plate armour (worn)
Jewellery
 c - a ring of willpower (left hand)
 z - an amulet of the acrobat
 B - a +4 ring of protection
 C - a ring of poison resistance
Wands
 r - a wand of digging (5)
 s - a wand of paralysis (8)
 A - a wand of flame (20)
Scrolls
 f - 5 scrolls of identify {unknown}
 j - 3 scrolls of brand weapon {unknown}
 n - 2 scrolls of teleportation {unknown}
 t - a scroll of acquirement {unknown}
Potions
 e - a potion of resistance {unknown}
 g - a potion of berserk rage {unknown}
 h - a potion of curing
 m - a potion of degeneration {unknown}
 p - 2 potions of attraction {unknown}
 u - 2 potions of mutation {unknown}
 v - a potion of ambrosia {unknown}


   Skills:
 + Level 5.5 Fighting
 + Level 3.3 Long Blades
 + Level 6.5 Axes
 + Level 5.1 Armour
 + Level 3.4 Dodging
 + Level 0.8 Stealth
 * Level 4.7 Shields


You had 6 spell levels left.
You didn't know any spells.
Your spell library was empty.

Dungeon Overview and Level Annotations

Branches:
Dungeon (6/15)             Temple (1/1) D:4

Altars:
Ashenzari
Cheibriados
Dithmenos
Elyvilon
Fedhas
Gozag
Kikubaaqudgha
Makhleb
Nemelex Xobeh
Okawaru
Qazlal
Ru
Sif Muna
Trog
Uskayaw
Vehumet
Wu Jian
Xom
Yredelemnul
Zin
The Shining One

Shops:
D:1 ??*


Innate Abilities, Weirdness & Mutations

You have a pair of horns on your head.
You reflexively headbutt those who attack you in melee.


Message History

The kobold closely misses you.
You barely miss the kobold. The orc hits you but does no damage.
The kobold hits you but does no damage.
The orc hits you from afar with a +0 trident.
The kobold barely misses you.
You closely miss the kobold. The orc hits you but does no damage.
The kobold hits you but does no damage.
The orc hits you from afar with a +0 trident.
The kobold closely misses you.
The orc hits you from afar with a +0 trident.
You slash the kobold!
You kill the kobold!
Trog accepts your kill. The orc barely misses you. x2
The orc completely misses you.
Items here: ( ))))) †††.
An ice beast comes into view.
The orc hits you but does no damage. x2
Items here: ( ))) ††.
The orc hits you from afar with a +0 trident.
* * * LOW HITPOINT WARNING * * *
Items here: ( ))))) †††.
Your skin crawls.
You feel strong-willed. The orc hits you but does no damage.
The ice beast hits you but does no damage.
The orc barely misses you.
You slash the ice beast!
The ice beast is heavily wounded.
The ice beast hits you. The ice beast freezes you!
* * * LOW HITPOINT WARNING * * *
The orc hits you but does no damage.
The ice beast hits you but does no damage.
The orc hits you from afar with a +0 trident.
* * * LOW HITPOINT WARNING * * *
It was a potion of curing.
You feel better. The ice beast barely misses you.
The orc hits you but does no damage. The ice beast hits you.
* * * LOW HITPOINT WARNING * * *
The ice beast freezes you!
You die...

#.... ###
#...# ##..
#...# ...
#...##.# ###
#......# #.#
#.#...### +.#
#.......# #.#
#...###.##
#.## ##.).#
#@)#
.###..###).#.#
##Yo#
..≈†.....).#.#
......
.####.<#.###.#
#.......#
##...# #.#
#.......#
....## #.#
#.......#
...#...# #.#
#.......#
######..# .#
#........ #.#


You could see an ice beast and an orc.

Vanquished Creatures
  2 sky beasts (D:6)
  A black bear (D:5)
  A kobold brigand (D:6)
  A jelly (D:5)
  A centaur skeleton (D:2)
  A bullfrog skeleton (D:4)
  Jessica (D:3)
  Terence (D:3)
  Natasha (thrice) (D:3)
  4 iguanas
  4 orc wizards
  3 gnolls (D:5)
  A howler monkey skeleton (D:5)
  5 adders
  An adder skeleton (D:5)
  2 worms
  A dart slug (D:3)
  18 orcs
  14 endoplasms
  2 giant cockroaches
  2 hobgoblins
  4 jackals (D:4)
  3 quokkas
  6 ball pythons
  2 bats
  A frilled lizard (D:2)
  8 goblins
  8 kobolds
  A rat (D:2)
  A spectral hobgoblin (D:3)
103 creatures vanquished.

Notes
Turn   | Place    | Note
-------+----------+-------------------------------------------
     0 | D:1      | cbfl8 the Minotaur Berserker began the quest for the Orb.
     0 | D:1      | Reached XP level 1. HP: 19/19 MP: 0/0
   193 | D:1      | Found Ytzipsent's Magic Scroll Shop.
   211 | D:1      | Found Miulaul's General Store.
   662 | D:1      | Found Ewoam's Magic Scroll Shoppe.
   696 | D:1      | Reached XP level 2. HP: 19/27 MP: 1/1
   971 | D:1      | Reached skill level 4 in Axes
  1407 | D:2      | Reached XP level 3. HP: 33/33 MP: 2/2
  1454 | D:2      | Identified the +1 robe "Siasud" {rCorr}
  1647 | D:2      | Reached ** piety under Trog
  1673 | D:2      | Reached skill level 1 in Shields
  2043 | D:3      | Reached XP level 4. HP: 41/41 MP: 3/3
  2580 | D:3      | Noticed Jessica
  2587 | D:3      | Killed Jessica
  2907 | D:3      | Noticed Natasha
  2917 | D:3      | Killed Natasha
  2918 | D:3      | Reached skill level 1 in Long Blades
  2918 | D:3      | Reached XP level 5. HP: 36/47 MP: 4/4
  3541 | D:3      | Noticed Terence
  3543 | D:3      | Noticed Natasha
  3551 | D:3      | Killed Terence
  3555 | D:3      | Killed Natasha
  3558 | D:3      | Found a faded altar of an unknown god.
  3695 | D:3      | Noticed Natasha
  3704 | D:3      | Killed Natasha
  3866 | D:4      | Reached XP level 6. HP: 55/55 MP: 5/5
  4308 | D:4      | Reached *** piety under Trog
  4562 | D:4      | Found a staircase to the Ecumenical Temple.
  4725 | Temple   | Entered the Ecumenical Temple
  5085 | D:5      | Entered Level 5 of the Dungeon
  5276 | D:5      | Reached skill level 5 in Fighting
  5512 | D:5      | Reached skill level 5 in Axes
  5512 | D:5      | Reached XP level 7. HP: 53/61 MP: 6/6
  6528 | D:6      | Reached skill level 6 in Axes
  6528 | D:6      | Reached skill level 5 in Armour
  6543 | D:6      | Slain by an ice beast

Illustrated notes

Levels and vault maps discovered:
D:1:      saegor_arrival_simple_b, layout_loops_ring, serial_shops,
          nicolae_shop_hallway_stairs, shop, shop
D:2:      layout_rooms
D:3:      layout_basic, dreamdust_ecumenical_altar_drowned_temple, uniq_natasha,
          uniq_terence, uniq_jessica
D:4:      layout_loops_cross, temple_hall
D:5:      layout_basic, chequers_serial_rivers_micro_a, serial_park_tiny_2
D:6:      layout_rooms, serial_shops, nicolae_shop_window_shopping,
          uniq_prince_ribbit1
Temple:   mainiacjoe_temple_hex_bubbles

Skill      XL: |  1  2  3  4  5  6  7 |
---------------+----------------------+-----
Fighting       | 4 5 |  5.5
Axes           | 4 5 6 |  6.5
Shields        | 1 2 3 4 |  4.7
Long Blades    | 1 2 3 |  3.3
Armour         | 3 4 5 |  5.1
Dodging        | 3 |  3.4
Stealth        | |  0.8

Action                   |  1- 3 |  4- 6 |  7- 9 || total
-------------------------+-------+-------+-------++-------
Melee: Hand axe          |    46 |       |       ||    46
       Headbutt          |     8 |    22 |     5 ||    35
       Falchion          |    16 |    90 |       ||   106
       Battleaxe         |       |    40 |    42 ||    82
Invok: Berserk           |       |     3 |     1 ||     4
       Trog's Hand       |       |       |     1 ||     1
  Use: Potion            |       |       |     1 ||     1
Armor: Animal skin       |    13 |       |       ||    13
       Robe              |     8 |    19 |       ||    27
       Ring mail         |       |    30 |       ||    30
       Plate armour      |       |    34 |    51 ||    85
Dodge: Dodged            |    37 |    70 |    27 ||   134
Block: Buckler           |     4 |    27 |       ||    31
